 Dungeon Crawl Stone Soup version 0.31.0-32-g396128a36d (webtiles) character file.

Game seed: 17982300905070118740

157 Doomgape the Covered (level 5, -1/45 HPs)
             Began as an Armataur Fighter on Mar 10, 2024.
             Slain by Grinder the red devil (13 damage)
             ... on level 4 of the Dungeon.
             The game lasted 00:03:12 (2745 turns).

Doomgape the Covered (Armataur Fighter)             Turns: 2745, Time: 00:03:13

Health: -1/45      AC: 11    Str: 24    XL:     5   Next: 15%
Magic:  5/5        EV:  7    Int:  8    God:
Gold:   173        SH:  4    Dex:  9    Spells: 4/4 levels left

rFire   . . .        q - +2 long sword (venom)
rCold   . . .        c - +0 buckler
rNeg    . . .        b - +0 scale mail
rPois   .            (no helmet)
rElec   .            (no cloak)
rCorr   .            (no gloves)
SInv    .            (no barding)
Will    .....        (no amulet) Stlth
                     m - +4 ring of protection
HPRegen 0.27/turn    (no ring)
MPRegen 0.75/turn

%: roll
@: spiked
A: large, deformed body, tough skin 3, armoured tail, roll 1
a: no special abilities


You were on level 4 of the Dungeon.
You visited 1 branch of the dungeon, and saw 4 of its levels.

You collected 173 gold pieces.

Inventory:

Hand Weapons
 a - a +0 war axe
 q - a +2 long sword of venom (weapon)
Armour
 b - a +0 scale mail (worn)
 c - a +0 buckler (worn)
Jewellery
 m - a +4 ring of protection (left hand)
Wands
 k - a wand of polymorph (6)
Scrolls
 f - a scroll of enchant armour {unknown}
 g - 2 scrolls of teleportation {unknown}
 h - a scroll of enchant weapon {unknown}
 i - a scroll of vulnerability {unknown}
 l - 4 scrolls of poison {unknown}
 n - 5 scrolls of identify {unknown}
Potions
 d - 5 potions of curing {unknown}
 e - 3 potions of attraction {unknown}
 j - 2 potions of brilliance {unknown}
 o - 3 potions of heal wounds {unknown}
 p - a potion of berserk rage {unknown}
 r - a potion of invisibility {unknown}
 s - a potion of resistance {unknown}
 t - a potion of mutation {unknown}


   Skills:
 + Level 3.5 Fighting
 + Level 2.5 Axes
 + Level 4.7 Armour
 + Level 4.3 Shields


You had 4 spell levels left.
You didn't know any spells.
Your spell library contained the following spells:

 Spells                   Type           Power      Damage    Failure   Level
 Sandblast                Erth           0%         2d4       77%         1
 Scorch                   Fire           0%         2d5       88%         2
 Passwall                 Erth           0%         N/A       98%         3
 Stone Arrow              Conj/Erth      0%         3d7       98%         3
 Brom's Barrelling Bould  Conj/Erth      0%         2d3       100%        4
 Flame Wave               Conj/Fire      0%         2d4       100%        4
 Summon Cactus Giant      Summ           0%         N/A       100%        6


Dungeon Overview and Level Annotations

Branches:
Dungeon (4/15)
 Temple: D:4-7

Altars:

Shops:
D:2 (

Annotations:
D:4 Grinder


Innate Abilities, Weirdness & Mutations

Armour fits poorly on your strangely shaped body.
You have extremely tough skin. (AC +3)
You have a long armoured tail.
You regenerate magic when rolling toward enemies. (Rampage MPRegen)


Message History

Grinder is moderately wounded.
Grinder hits you but does no damage.
Grinder blinks!
Unknown command.
You roll towards Grinder!
Aiming: Polymorph
Press: ? - help, Shift-Dir - straight line, f - Grinder
Aim: Grinder (moderately wounded, very poisoned, will become a ynoxinul, a red devil, or a chaos spawn, chance to affect: 49%) Grinder evaporates and reforms as a red devil!
Unknown command.
You roll towards Grinder!
You miss Grinder.
Your tail-slap misses Grinder.
Grinder is moderately wounded.
Grinder barely misses you. Grinder hits you but does no damage.
You hit Grinder but do no damage.
Grinder is moderately wounded.
Grinder says, "Remove thy stench, thou bawdy knotty-pated canker-blossom!"
Grinder hits you.
Barbed spikes become lodged in your body.
You closely miss Grinder.
You tail-slap Grinder, but do no damage.
Grinder is moderately wounded.
Grinder hits you.
Barbed spikes become lodged in your body.
You barely miss Grinder. You tail-slap Grinder.
Grinder is moderately wounded.
Grinder hits you!
Barbed spikes become lodged in your body.
Grinder hits you but does no damage.
You hit Grinder.
Grinder is poisoned.
Grinder is heavily wounded.
Grinder hits you.
Barbed spikes become lodged in your body.
Unknown command.
You hit Grinder.
Grinder is severely wounded.
Grinder hits you!
* * * LOW HITPOINT WARNING * * *
Barbed spikes become lodged in your body.
Grinder hits you!
You die...

## ## #.# #.## #.#
#.#.# #.# #.#.##
.#4#.#.#.#
.#.#@#.#.##
.#.#.#.#.#.#
.#.#.#.#.#.##
.#.#.#.#.#.#.######
.#.#.#.#.#.#.#[....+
.#.#.#.#.#.#.#.#
.#.#.#.#.#.#.#)##
#.#.#.#.#.#.#.#.#
#.#.#.#.#.#^#.##


You could see Grinder the red devil (very poisoned).

Vanquished Creatures
  An iguana (D:4)
  Robin (D:2)
  3 adders
  A ribbon worm (D:2)
  3 dart slugs
  4 ball pythons
  6 bats
  5 endoplasms
  2 giant cockroaches
  12 goblins
  10 hobgoblins
  8 jackals
  A quokka (D:2)
  4 frilled lizards
  8 kobolds
  9 rats
78 creatures vanquished.

Notes
Turn   | Place    | Note
-------+----------+-------------------------------------------
     0 | D:1      | Doomgape the Armataur Fighter began the quest for the Orb.
     0 | D:1      | Reached XP level 1. HP: 18/18 MP: 1/1
    92 | D:1      | Reached XP level 2. HP: 24/25 MP: 2/2
   383 | D:1      | Reached XP level 3. HP: 31/31 MP: 3/3
   496 | D:1      | Found a faded altar of an unknown god.
  1191 | D:2      | Noticed Robin
  1213 | D:2      | Reached XP level 4. HP: 25/38 MP: 4/4
  1217 | D:2      | Killed Robin
  1637 | D:2      | Found Ygadousk's Weapon Shoppe.
  2659 | D:4      | Reached XP level 5. HP: 27/45 MP: 5/5
  2729 | D:4      | Noticed Grinder
  2738 | D:4      | Grinder changed into Grinder the red devil
  2738 | D:4      | Noticed Grinder
  2745 | D:4      | Slain by Grinder the red devil

Illustrated notes

Levels and vault maps discovered:
D:1:      sevenhm_arrival_forest_fort_large_4, layout_loops_ring,
          ebering_ecumenical_altar_hall
D:2:      layout_basic, serial_shops, nicolae_lakefront_shop, hex_medium,
          grunt_ministairs_10, uniq_robin
D:3:      layout_loops_corners
D:4:      layout_basic, uniq_grinder

Skill      XL: |  1  2  3  4 |
---------------+-------------+-----
Fighting       | 3 |  3.5
Armour         | 4 |  4.7
Axes           | 2 |  2.5
Shields        | 4 |  4.3

Action                     |  1- 3 |  4- 6 || total
---------------------------+-------+-------++-------
  Melee: War axe           |   111 |    43 ||   154
         Tailslap          |     7 |     8 ||    15
         Long sword        |       |    40 ||    40
  Evoke: Wand              |       |     1 ||     1
    Use: Potion            |     1 |       ||     1
 Armour: Scale mail        |    92 |    70 ||   162
  Dodge: Dodged            |    42 |    18 ||    60
  Block: Buckler           |    30 |    20 ||    50
